 Dungeon Crawl Stone Soup version 0.30-a0-381-g6ea064c7b4 (webtiles) character file.

Game seed: 9852253688620303872

24 Maratek the Shooter (level 3, 0/27 HPs)
             Began as a Human Hunter on Dec 1, 2022.
             Frozen to death by an endoplasm (1 damage)
             ... on level 1 of the Dungeon.
             The game lasted 00:01:03 (263 turns).

Maratek the Shooter (Human Hunter)                   Turns: 263, Time: 00:01:04

Health: 0/27       AC:  3    Str: 11    XL:     3   Next: 15%
Magic:  3/3        EV: 12    Int:  9    God:
Gold:   21         SH:  0    Dex: 18    Spells: 2/2 levels left

rFire   . . .      SeeInvis .    a - +0 shortbow
rCold   . . .      Faith    .    (shield currently unavailable)
rNeg    . . .      Spirit   .    c - +0 leather armour
rPois   .          Reflect  .    (no helmet)
rElec   .          Harm     .    (no cloak)
rCorr   .          Rampage  .    (no gloves)
Will    .....                    (no boots)
Stlth   ++........               (no amulet)
HPRegen 0.24/turn                (no ring)
MPRegen 0.08/turn                (no ring)

@: no status effects
A: no striking features
a: no special abilities


You were on level 1 of the Dungeon.
You visited 1 branch of the dungeon, and saw 1 of its levels.

You collected 21 gold pieces.

Inventory:

Hand Weapons
 a - a +0 shortbow (weapon)
Armour
 c - a +0 leather armour (worn)
Scrolls
 b - a scroll of immolation
Potions
 d - 2 potions of might {unknown}
 e - 2 potions of lignification {unknown}


   Skills:
 + Level 2.1 Fighting
 + Level 4.7 Ranged Weapons
 + Level 0.3 Armour
 + Level 2.0 Dodging
 + Level 1.0 Stealth


You had 2 spell levels left.
You didn't know any spells.
Your spell library was empty.

Dungeon Overview and Level Annotations

Branches:
Dungeon (1/15)

Altars:


Message History

The giant cockroach bites you but does no damage.
The jackal attacks as you move away!
The jackal bites you but does no damage.
The endoplasm attacks as you move away! The endoplasm closely misses you.
The giant cockroach closely misses you. The dart slug launches a dart at you.
The slug dart hits you but does no damage.
The giant cockroach attacks as you move away!
The giant cockroach misses you. The jackal barely misses you.
The endoplasm barely misses you. The jackal barely misses you.
The jackal attacks as you move away! The jackal barely misses you.
The jackal attacks as you move away! The jackal bites you.
* * * LOW HITPOINT WARNING * * *
The giant cockroach barely misses you. The jackal bites you.
* * * LOW HITPOINT WARNING * * *
The giant cockroach misses you.
The giant cockroach attacks as you move away!
The giant cockroach bites you but does no damage.
The endoplasm attacks as you move away! The endoplasm barely misses you.
The jackal attacks as you move away! The jackal completely misses you.
The jackal bites you.
* * * LOW HITPOINT WARNING * * *
The jackal attacks as you move away! The jackal closely misses you.
The jackal misses you.
You are too injured to fight recklessly!
You shoot an arrow.
The arrow hits the jackal but does no damage.
The jackal bites you but does no damage.
The endoplasm freezes you.
You are frozen.
* * * LOW HITPOINT WARNING * * *
The jackal bites you.
* * * LOW HITPOINT WARNING * * *
You shoot an arrow. The arrow barely misses the jackal.
The arrow hits the giant cockroach.
The giant cockroach is severely wounded.
The jackal bites you but does no damage.
The endoplasm freezes you.
You are frozen.
You die...

..##..†.......#
.....##..........#
....#...###......#
........# ##w....#
........####g######
........##........#
........##..B.....#
........##.ghJ....#
............@.....#
.........##........#
........†##........#
.........##........#
........##........#
........##........#
########....##........#
.......#.†..###########
.#####.#)†)##


You could see a dart slug, an endoplasm, a jackal, a giant cockroach, a
hobgoblin and a goblin.

Vanquished Creatures
  A ball python (D:1)
  2 bats (D:1)
  A giant cockroach (D:1)
  A goblin (D:1)
  3 hobgoblins (D:1)
  7 jackals (D:1)
  A kobold (D:1)
  A quokka (D:1)
  2 rats (D:1)
19 creatures vanquished.

Notes
Turn   | Place    | Note
-------+----------+-------------------------------------------
     0 | D:1      | Maratek the Human Hunter began the quest for the Orb.
     0 | D:1      | Reached XP level 1. HP: 16/16 MP: 1/1
   132 | D:1      | Reached XP level 2. HP: 21/22 MP: 2/2
   241 | D:1      | Reached XP level 3. HP: 27/27 MP: 3/3
   262 | D:1      | HP: 1/27 [jackal (1)]
   263 | D:1      | Frozen to death by an endoplasm

Illustrated notes

Levels and vault maps discovered:
D:1:      mrwooster_arrival_arrow, layout_rooms, corner_web_ring,
          patterned_corridor

Action                   || total
-------------------------++-------
 Fire: Shortbow          ||    53
Armor: Leather armour    ||    21
Dodge: Dodged            ||    58

Table legend: (Time is in decaauts)
 A = Elapsed time spent in this place.
 B = Non-inter-level travel time spent in this place.
 C = Inter-level travel time spent in this place.
 D = Time resting spent in this place.
 E = Time spent auto-exploring this place.
 F = Levels seen in this place.
 G = Mean time per level.
                   A        B        C        D        E       F      G
               +--------+--------+--------+--------+--------+-----+--------+
         Total |    279 |    279 |      0 |      0 |    186 |   1 |  279.0 |
       Dungeon |    279 |    279 |      0 |      0 |    186 |   1 |  279.0 |
               +--------+--------+--------+--------+--------+-----+--------+

Top non-repeatable levels by time:
     D:1: 279 daAuts
